AoeStats
← Tarklow

MegaRandom

509956457Analyzed
2v2 RM · 3d ago on Sep 28, 2026· 14m 15s· 4 players
Game mode
Random Map
Map size
Medium (4 player)
Population
200
Speed
Normal
Resources
Standard
Victory
Conquest
Starting age
Dark Age
Ending age
Imperial Age
RankedLock teamsTeams togetherTeam positionsShared explorationLock speedFull tech treeHidden civsTurbo modeCheats
Victory
Defeat
🇸🇰 Saxons · Slovakia
742
+19
🇦🇷 Maya · Argentina
728
+19
🇨🇿 Bohemians · Czechia
801
-19
🇨🇿 Spanish · Czechia
801
-19
Tarklow
13:59 Feudal Age
12:20 Loom
LRNI FacuRuiz10
12:36 Feudal Age
12:42 Man-at-Arms
14:25 Double-Bit Axe
14:35 Gold Mining
v.sla13
2:58 Loom
12:01 Feudal Age
Bubbly_Bee
0:41 Loom
13:59 Feudal Age
Connection lost

Rejoining the realm…

Still unreachable

The connection could not be restored.

Session expired

The server has moved on; the page needs a fresh start.